 Dungeon Crawl Stone Soup version 0.30.0-5-g1a98f26d00 (webtiles) character file.

Game seed: 17765354767130913919

7 jasper the Trooper (level 1, 10/18 HPs)
             Began as a Mummy Berserker on May 11, 2023.
             Was a Follower of Trog.
             Quit the game on level 1 of the Dungeon.
             The game lasted 00:00:20 (123 turns).

jasper the Trooper (Mummy Berserker)                 Turns: 123, Time: 00:00:20

Health: 10/18      AC:  2    Str: 20    XL:     1   Next: 83%
Magic:  1/1        EV: 12    Int:  6    God:    Trog [*.....]
Gold:   31         SH:  0    Dex: 11    Spells: 0/0 levels left

rFire   x . .        a - +0 mace
rCold   + . .        (no shield)
rNeg    + + +        b - +0 animal skin
rPois   ∞            (no helmet)
rElec   .            (no cloak)
rCorr   +            (no gloves)
SInv    .            (no boots)
Will    .....        (no amulet)
Stlth   +            c - ring of resist corrosion
HPRegen 0.23/turn    (no ring)
MPRegen 0.07/turn

%: faith
@: no status effects
A: cold resistance 1, negative energy resistance 3, torment resistance 2, heat
vulnerability 1, no potions, faith
a: Renounce Religion


You were on level 1 of the Dungeon.
You worshipped Trog.
Trog was aware of your devotion.
You visited 1 branch of the dungeon, and saw 1 of its levels.

You collected 31 gold pieces.

Inventory:

Hand Weapons
 a - a +0 mace (weapon)
Armour
 b - a +0 animal skin (worn)
Jewellery
 c - a ring of resist corrosion (left hand)
Scrolls
 d - 2 scrolls of identify {unknown}


   Skills:
 - Level 3.0 Fighting
 + Level 2.8 Maces & Flails
 - Level 1.5 Armour
 - Level 1.5 Dodging


You couldn't memorise any spells.
You didn't know any spells.
Your spell library was empty.

Dungeon Overview and Level Annotations

Branches:
Dungeon (1/15)

Altars:


Innate Abilities, Weirdness & Mutations

You are immune to poison.
Your flesh is cold resistant. (rC+)
You are immune to negative energy. (rN+++)
You are immune to unholy pain and torment.
You are vulnerable to heat. (rF-)
You do not drink.
You have a special connection with the divine. (Faith)


Message History

You take 2 damage, and have 16/18 hp.
You barely miss the rat. The hobgoblin closely misses you.
The rat closely misses you.
You barely miss the rat. The rat misses you. The hobgoblin misses you.
An endoplasm comes into view.
You hit the rat but do no damage. The rat closely misses you.
The hobgoblin barely misses you.
You thump the rat!
You kill the rat!
Trog accepts your kill. The hobgoblin hits you.
The hobgoblin closely misses you.
You take 3 damage, and have 13/18 hp.
You closely miss the hobgoblin. The hobgoblin barely misses you.
The endoplasm hits you.
You take 3 damage, and have 10/18 hp.
You hit the hobgoblin.
The hobgoblin is moderately wounded.
The hobgoblin barely misses you. The endoplasm closely misses you.
You hit the hobgoblin.
You kill the hobgoblin!
Trog accepts your kill. The endoplasm hits you.
The endoplasm hits you but does no damage.
You take 2 damage, and have 8/18 hp.
The endoplasm hits you.
You see here a hobgoblin corpse.
You take 2 damage, and have 6/18 hp.
You hit the endoplasm.
The endoplasm is almost dead.
The endoplasm hits you.
* * * LOW HITPOINT WARNING * * *
You take 1 damage, and have 5/18 hp.
You hit the endoplasm.
You kill the endoplasm!
Trog accepts your kill.
The ball python hisses angrily.
You hit the ball python.
You kill the ball python!
Trog accepts your kill.
Are you sure you want to abandon this character and quit the game? (Confirm with "yes".)

.##.#....# .#
#.......# #.##...
..##.......#########.
#.....
...#.........>.......
....##
.....###..###########
.#. .. .###.# #..# #
#...###.###..#
#............#
#..####.####.# #...#
#@####.#
#.#.###.##...#
.....#....###
#.#.#..### ..#
#......#
.....###†..##.#
#........##.#
#.......###.#
..........# #.#


There were no monsters in sight!

Vanquished Creatures
  A ball python (D:1)
  2 endoplasms (D:1)
  A hobgoblin (D:1)
  A bat (D:1)
  A rat (D:1)
6 creatures vanquished.

Notes
Turn   | Place    | Note
-------+----------+-------------------------------------------
     0 | D:1      | jasper the Mummy Berserker began the quest for the Orb.
     0 | D:1      | Reached XP level 1. HP: 18/18 MP: 1/1
   123 | D:1      | Quit the game

Illustrated notes

Levels and vault maps discovered:
D:1:      roderic_crossed_star, layout_loops_ring

Action                     || total
---------------------------++-------
  Melee: Mace              ||    15
 Armour: Animal skin       ||     1
  Dodge: Dodged            ||    15
